 Dungeon Crawl Stone Soup version 0.20-a0-1122-gb7cbeb9 (webtiles) character file.

174 sepiko the Charmwright (level 5, -5/38 HPs)
             Began as a Merfolk Skald on May 11, 2017.
             Killed from afar by Natasha (7 damage)
             ... with a magic dart
             ... on level 3 of the Dungeon.
             The game lasted 00:08:11 (3109 turns).

sepiko the Charmwright (Merfolk Skald)              Turns: 3109, Time: 00:08:12

Health: -5/38      AC:  4    Str: 12    XL:     5   Next: 54%
Magic:  8/8        EV: 12    Int: 13    God:
Gold:   84         SH:  0    Dex: 13    Spells: 2/8 levels left

rFire    . . .     SeeInvis .   a - +1 spear
rCold    . . .     Gourm    .   (no shield)
rNeg     . . .     Faith    .   b - +1 leather armour
rPois    .         Spirit   .   (no helmet)
rElec    .         Reflect  .   (no cloak)
rCorr    .         Harm     .   (no gloves)
MR       .....                  (no boots)
Stlth    +.........             (no amulet)
Regen    0.2/turn               (no ring)
MPRegen  0.2/turn               (no ring)

@: lethally poisoned (-5 -> -11)
A: change form in water, swift swim, stealthy swim
a: no special abilities


You were on level 3 of the Dungeon.
You were not hungry.

You visited 1 branch of the dungeon, and saw 3 of its levels.
You also visited: Sewer.

You collected 84 gold pieces.

Inventory:

Hand Weapons
 a - a +1 spear (weapon)
Missiles
 l - a throwing net (quivered)
Armour
 b - a +1 leather armour (worn)
Jewellery
 q - an uncursed ring of positive energy
Scrolls
 e - a scroll of recharging
 f - a scroll of amnesia
 j - 2 scrolls of teleportation {unknown}
 n - a scroll of enchant weapon
 s - a scroll of identify
Potions
 g - 2 potions of flight {unknown}
 k - a potion of haste
 m - a potion of heal wounds
 o - a potion of curing {unknown}
 r - a potion of might {unknown}
Books
 c - a book of Battle

   Spells                             Type                      Level
   a - Infusion                       Charms                       1
   b - Shroud of Golubria             Charms/Translocation         2
   c - Song of Slaying                Charms                       2
   d - Spectral Weapon                Hexes/Charms                 3
   e - Regeneration                   Charms/Necromancy            3
Comestibles
 d - 3 bread rations
 h - 2 royal jellies
 i - 3 fruits
 p - 2 chunks of flesh


   Skills:
 - Level 2.1 Fighting
 - Level 3.0 Polearms
 - Level 0.6 Armour
 - Level 2.6 Dodging
 - Level 0.5 Stealth
 - Level 2.0 Spellcasting
 + Level 3.4 Hexes
 - Level 5.2 Charms


You had 2 spell levels left.
You knew the following spells:

 Your Spells              Type           Power        Failure   Level  Hunger
a - Infusion              Chrm           ##..         3%          1    ##.....
b - Song of Slaying       Chrm           ##......     6%          2    ###....
c - Spectral Weapon       Hex/Chrm       ##......     17%         3    ####...


Dungeon Overview and Level Annotations

Branches:
Dungeon (3/15)

Altars:
Gozag

Annotations:
D:3 Natasha


Message History

You feel sick.
The orc wizard shouts!
The orc wizard casts a spell at you. The magic dart hits you!
* * * LOW HITPOINT WARNING * * *
You feel sick.
The orc shouts!
The orc throws a stone.
The stone hits you but does no damage.
You see here a stone.
You feel sick.
The orc throws a stone.
The stone misses you.
You hear a zap.
You hear a grinding noise.
The orc throws a stone.
The stone hits you but does no damage.
The orc wizard gestures at you while chanting.
The magic dart hits you!
* * * LOW HITPOINT WARNING * * *
Natasha wildly gestures.
You feel troubled.
Natasha stares at you and mumbles some strange words.
The magic dart hits you!
You die...

##....###.###.#....##.#
##.....###.# #.#.##.##.#
#..###.......##.# #.#.##.##.#
#........o...##.###......##.# .#
#............##.##.......##.## .
.............................##
.#. #............####......÷#####
..###............# ##......# #
......#h####.#..@# #.#.##)# #
.#.##.#.# #.....# #.#.##.# #
........#.....(.######.#.##.# #
......Ko(o5..h.........#.##.#####
((.##.#.######...........##..÷..#
#####.#.# #...##############.#
..# #.#.# ####...#### #.# ..#
...........o....# #.# ..#
...........#.##.# #.#


You could see an orc wizard, Natasha, a white imp and 2 orcs.

Vanquished Creatures
  A big kobold (Sewer)
  2 adders
  An ooze (D:3)
  6 leopard geckos
  4 orcs
  2 giant cockroaches (D:3)
  8 goblins
  10 hobgoblins
  5 jackals
  A quokka (D:3)
  A ball python (D:3)
  5 bats
  4 frilled lizards
  9 kobolds
  15 rats
74 creatures vanquished.

Notes
Turn   | Place    | Note
-------+----------+-------------------------------------------
     0 | D:1      | sepiko the Merfolk Skald began the quest for the Orb.
     0 | D:1      | Reached XP level 1. HP: 16/16 MP: 3/3
   346 | D:1      | Reached XP level 2. HP: 22/22 MP: 1/5
   417 | D:1      | Reached skill level 4 in Charms
  1182 | D:2      | Reached XP level 3. HP: 27/27 MP: 6/6
  1479 | D:2      | Found an opulent altar of Gozag.
  1556 | D:2      | Learned a level 2 spell: Song of Slaying
  1742 | D:2      | Reached skill level 5 in Charms
  1910 | D:3      | Reached XP level 4. HP: 31/33 MP: 7/7
  1930 | D:3      | Learned a level 3 spell: Spectral Weapon
  1964 | D:3      | Found a glowing drain.
  1992 | Sewer    | Entered a sewer
  2089 | Sewer    | Noticed a big kobold
  2100 | Sewer    | Reached skill level 1 in Hexes
  2131 | Sewer    | Killed a big kobold
  2131 | Sewer    | Reached XP level 5. HP: 13/38 MP: 0/8
  2357 | Sewer    | Found a glowing silver altar of Zin.
  2481 | D:3      | Noticed Natasha
  3109 | D:3      | Killed from afar by Natasha

Vault maps used:
D:1:      ncdulo_watergridlock, minmay_misc_feat_plants
D:2:      overflow_temple_1_default, first_bread
D:3:      old_standard_altar, portal_sewer_entry_f, uniq_natasha
Sewer:    sewer_kobolds

Skill      XL: |  1  2  3  4  5 |
---------------+----------------+-----
Charms         | 4 5 |  5.2
Hexes          | 2 3 |  3.4
Fighting       | |  2.1
Polearms       | |  3.0
Armour         | |  0.6
Dodging        | |  2.6
Stealth        | |  0.5
Spellcasting   | |  2.0

Action                   |  1- 3 |  4- 6 || total
-------------------------+-------+-------++-------
Melee: Spear             |   145 |   132 ||   277
       Tailslap          |       |     1 ||     1
 Cast: Infusion          |     5 |     5 ||    10
  Use: Scroll            |     8 |       ||     8
       Potion            |     2 |     1 ||     3
  Eat: Chunk             |     3 |     4 ||     7
Armor: Leather armour    |    16 |    34 ||    50
       Skin              |    17 |       ||    17
Dodge: Dodged            |   101 |   100 ||   201
